 Dungeon Crawl Stone Soup version 0.28-a0-1347-g113dc556a4 (webtiles) character file.

Game seed: 2686489744075503623

3812 sanka the Jinx (level 9, -7/58 (61) HPs)
             Began as a Demonspawn Enchanter on Dec 29, 2021.
             Was a Follower of Uskayaw.
             Mangled by a bone dragon (14 damage)
             ... on level 2 of the Abyss.
             The game lasted 00:26:33 (12122 turns).

sanka the Jinx (Demonspawn Enchanter)              Turns: 12122, Time: 00:26:34

HP:   -7/58 (61)    AC:  8    Str:  9    XL:     9   Next: 97%
MP:   12/12         EV: 13    Int: 23    God:    Uskayaw [*.....]
Gold: 400           SH:  0    Dex: 15    Spells: 1/12 levels left

rFire   . . .      SeeInvis .   a - +0 dagger (venom)
rCold   . . .      Faith    .   (no shield)
rNeg    . . .      Spirit   .   k - +0 robe
rPois   .          Reflect  .   z - +0 helmet
rElec   +          Harm     .   (no cloak)
rCorr   +          Rampage  .   (no gloves)
Will    .....                   D - +0 pair of boots "Reigre" {rCorr Int+2 Dex+2}
Stlth   ++++......              (no amulet)
HPRegen 0.19/turn               n - ring of flight
MPRegen 0.13/turn               A - ring of wizardry

@: flying, lightly drained
A: thin metallic scales 3, demonic touch 2
a: Renounce Religion, Stomp


You were on level 2 of the Abyss.
You worshipped Uskayaw.
Uskayaw was noncommittal.
You visited 2 branches of the dungeon, and saw 9 of its levels.
You visited the Abyss 2 times.

You collected 400 gold pieces.


Innate Abilities, Weirdness & Mutations

You are completely covered in thin metallic scales. (AC +4, rElec)
Your touch may inflict irresistible damage on your foes.


   Skills:
 + Level 2.0 Fighting
 - Level 8.0 Short Blades
 + Level 2.7 Dodging
 - Level 8.0 Stealth
 - Level 2.0 Spellcasting
 - Level 8.0 Hexes
 - Level 3.0 Evocations


You had one spell level left.
You knew the following spells:

 Your Spells              Type           Power      Damage    Failure   Level
x - Tukima's Dance        Hex            39%        N/A       1%          3
y - Dazzling Flash        Conj/Hex       40%        N/A       3%          3
z - Ensorcelled Hibernat  Hex/Ice        40%        N/A       1%          2
Z - Confusing Touch       Hex            39%        N/A       1%          3

Your spell library contained the following spells:

 Spells                   Type           Power      Damage    Failure   Level
 Animate Skeleton         Necr           4%         N/A       5%          1
 Pain                     Necr           8%         1d4       5%          1
 Shock                    Conj/Air       8%         1d3       5%          1
 Cause Fear               Hex            19%        N/A       1%          4
 Inner Flame              Hex/Fire       20%        N/A       3%          3
 Stone Arrow              Conj/Erth      4%         3d7       16%         3
 Swiftness                Air            2%         N/A       16%         3
 Vampiric Draining        Necr           2%         2d6       16%         3
 Airstrike                Air            1%         N/A       43%         4
 Animate Armour           Summ/Erth      4%         N/A       43%         4
 Discord                  Hex            19%        N/A       100%        8
 Lehudib's Crystal Spear  Conj/Erth      1%         10d2      100%        8

Inventory:

Hand Weapons
 a - a +0 dagger of venom (weapon)
 b - the +4 rapier "Arcanum" {flame, Fly rF- Str+5 SInv}

   It burns those it strikes, dealing additional fire damage.
   Str:       It affects your strength (+5).
   rF:        It makes you vulnerable to fire.
   SInv:      It lets you see invisible.
   Fly:       It grants you flight.
 l - a +2 short sword of venom
Missiles
 h - 5 javelins
 s - 4 curare-tipped darts {=f}
Armour
 k - a +0 robe (worn)
 z - a +0 helmet (worn)
 C - quicksilver dragon scales
 D - the +0 pair of boots "Reigre" (worn) {rCorr Int+2 Dex+2}

   Int:       It affects your intelligence (+2).
   Dex:       It affects your dexterity (+2).
   rCorr:     It protects you from acid and corrosion.
Jewellery
 c - a ring of resist corrosion
 i - a ring of positive energy
 n - a ring of flight (left hand)
 A - a ring of wizardry (right hand)
 E - a ring of fire
Wands
 p - a wand of digging (1)
 q - a wand of charming (13)
 y - a wand of mindburst (12)
Scrolls
 d - 2 scrolls of amnesia
 f - 3 scrolls of fog
 m - a scroll of teleportation {unknown}
 r - 2 scrolls of magic mapping
 t - 2 scrolls of vulnerability {!r}
 w - a scroll of blinking {unknown}
 F - a scroll of silence {unknown}
Potions
 e - 2 potions of might {unknown}
 g - a potion of degeneration {unknown}
 j - 2 potions of curing {@q1}
 o - a potion of magic {unknown}
 u - a potion of ambrosia {unknown}
 v - a potion of attraction {unknown}
 x - a potion of heal wounds {unknown}

Dungeon Overview and Level Annotations

Branches:
Dungeon (8/15)             Temple (1/1) D:4
   Lair: D:8-11

Altars:
Cheibriados
Elyvilon
Fedhas
Gozag
Makhleb
Nemelex Xobeh
Qazlal
Ru
Sif Muna
Trog
Uskayaw
Vehumet
Wu Jian
Xom
Zin
The Shining One
Lugonu

Shops:
D:6 ::   D:7 (

Annotations:
D:6 Psyche

▒ .... ▒ .▒▒▒X▒▒ ▒▒
▒▒.▒...▒ ▒▒
..▒▒......▒
▒..▒▒....▒▒▒..▒
▒...▒..▒....▒▒▒
▒.....▒▒......▒▒ ▒▒ ..
▒▒6D..▒▒....▒..▒▒
....▒....▒▒.▒ ..... .
.........▒.▒▒▒...▒..▒▒
............55X..▒ ..
.....v...▒▒▒▒▒▒▒▒▒ .
......v... ▒.v.v....▒.
.........▒. .....vv..▒
.


You could see a bone dragon, 4 spatial vortices and a white imp.


Message History

The bone dragon is lightly damaged.
The large abomination hits you!
The white imp hits you but does no damage.
The white imp gestures at you. The puff of frost hits you!
* * * LOW HITPOINT WARNING * * *
A spatial vortex comes into view.
The spatial vortex moves out of view.
The white imp puffs mist at you.
A hell hog comes into view.
A spatial vortex comes into view.
The white imp gestures at you. The puff of frost hits you.
* * * LOW HITPOINT WARNING * * *
A spatial vortex comes into view.
A spatial vortex comes into view.
A spatial maelstrom comes into view.
Okay, then. 3 spatial vortices come into view.
The white imp gestures at you. The puff of frost hits you.
* * * LOW HITPOINT WARNING * * *
A spatial vortex comes into view.
The white imp gestures at you. The puff of frost hits you!
* * * LOW HITPOINT WARNING * * *
The bone dragon barely misses you. The bone dragon completely misses you.
The bone dragon tramples you!
You die...

Action                   |  1- 3 |  4- 6 |  7- 9 || total
-------------------------+-------+-------+-------++-------
Melee: Dagger            |   171 |   131 |   375 ||   677
       Rapier            |       |     5 |     6 ||    11
       Touch             |       |       |    84 ||    84
 Cast: Ensorcelled Hiber |     7 |    25 |    52 ||    84
       Confusing Touch   |       |     3 |    31 ||    34
       Dazzling Flash    |       |       |     4 ||     4
Evoke: Wand              |       |       |     1 ||     1
  Use: Potion            |       |       |     3 ||     3
       Scroll            |       |       |     5 ||     5
 Stab: Sleeping          |    10 |    16 |    36 ||    62
       Confused          |       |     4 |    14 ||    18
       Distracted        |       |       |     4 ||     4
       Paralysed         |       |       |     4 ||     4
Armor: Robe              |    29 |    55 |   107 ||   191
       Skin              |       |       |     1 ||     1
Dodge: Dodged            |   102 |    75 |   177 ||   354

Levels and vault maps discovered:
D:1:      minmay_arrival_shoal_huts, layout_loops_cross, st_stairs_14
D:2:      layout_basic, hellmonk_ecumenical_altar_blasted
D:3:      layout_loops_cross, minmay_statues_item
D:4:      layout_loops_corners, pdpol_temple_overflow_zin_treasury_gozag_greed,
          doesnt_xom_only_xom, mainiacjoe_overflow_24_doors,
          minmay_temple_entry_antechambers
D:5:      layout_rooms, chequers_temple_overflow_statue_of_worship, uniq_sigmund
D:6:      layout_loops_ring, serial_shops, nicolae_take_the_stairs,
          nicolae_shop_behind_doors, minmay_lizard_king, uniq_pikel
D:7:      layout_rooms, cheibrodos_worm_habitat, nicolae_vehumet_altar_sigil,
          nicolae_qazlal_scattered_showers, serial_shops, nicolae_stop_n_shop_2,
          st_stairs_12
D:8:      layout_loops_ring, kennysheep_little_box,
          hellmonk_guarded_unrand_gyre_and_gimble, uniq_psyche, uniq_gastronok,
          uniq_erica
Temple:   corrupted_temple
Abyss:2:  base: Temple, base: D:5, minivault_20, minivault_20

Notes
Turn   | Place    | Note
-------+----------+-------------------------------------------
     0 | D:1      | sanka the Demonspawn Enchanter began the quest for the Orb.
     0 | D:1      | Reached XP level 1. HP: 13/13 MP: 3/3
    11 | D:1      | Reached skill level 1 in Short Blades
   246 | D:1      | Gained mutation: You are partially covered in thin metallic
                  | scales. (AC +2) [demonic ancestry]
   246 | D:1      | Reached XP level 2. HP: 4/19 MP: 5/5
   394 | D:1      | Reached skill level 2 in Short Blades
   775 | D:1      | Learned a level 2 spell: Ensorcelled Hibernation
  1469 | D:2      | Gained mutation: You are mostly covered in thin metallic
                  | scales. (AC +3) [demonic ancestry]
  1469 | D:2      | Reached XP level 3. HP: 14/24 MP: 0/6
  1594 | D:2      | Found a faded altar of an unknown god.
  2365 | D:3      | Reached skill level 1 in Evocations
  2365 | D:3      | Gained mutation: You are completely covered in thin
                  | metallic scales. (AC +4, rElec) [demonic ancestry]
  2365 | D:3      | Reached XP level 4. HP: 30/30 MP: 4/7
  2435 | D:2      | Reached skill level 3 in Short Blades
  2646 | D:3      | Noticed a black bear
  2879 | D:3      | Learned a level 3 spell: Confusing Touch
  2897 | D:2      | Killed a black bear
  2898 | D:2      | Reached skill level 4 in Hexes
  2898 | D:2      | Reached skill level 2 in Evocations
  2898 | D:2      | Reached XP level 5. HP: 21/35 MP: 2/8
  3293 | D:3      | Identified the +4 rapier "Arcanum" {flame, Fly rF- Str+5
                  | SInv}
  4002 | D:3      | Reached XP level 6. HP: 41/41 MP: 9/9
  4065 | D:3      | Reached skill level 3 in Evocations
  4190 | D:4      | Found a shadowy altar of Dithmenos.
  4192 | D:4      | Found a sacrificial altar of Ru.
  4192 | D:4      | Found a radiant altar of Vehumet.
  4194 | D:4      | Found a shimmering altar of Xom.
  4194 | D:4      | Found a shimmering altar of Xom.
  4194 | D:4      | Found an iron altar of Okawaru.
  4405 | D:4      | Reached skill level 4 in Short Blades
  4405 | D:4      | Reached skill level 3 in Stealth
  4502 | D:4      | Found an opulent altar of Gozag.
  4640 | D:4      | Found a staircase to the Ecumenical Temple.
  4756 | Temple   | Entered the Ecumenical Temple
  5188 | D:4      | Reached skill level 5 in Hexes
  5188 | D:4      | Gained mutation: Your touch may inflict minor irresistible
                  | damage on your foes. [demonic ancestry]
  5188 | D:4      | Reached XP level 7. HP: 46/46 MP: 7/10
  5492 | Temple   | Became a worshipper of Uskayaw the Reveller
  5570 | D:4      | Found a sacrificial altar of Ru.
  6079 | D:4      | Reached * piety under Uskayaw
  6312 | D:4      | Reached ** piety under Uskayaw
  6313 | D:4      | Reached skill level 4 in Stealth
  6407 | D:5      | Entered Level 5 of the Dungeon
  6552 | D:5      | Reached skill level 5 in Short Blades
  7172 | D:5      | Reached skill level 6 in Hexes
  7172 | D:5      | Reached XP level 8. HP: 52/52 MP: 6/11
  7266 | D:5      | Learned a level 3 spell: Tukima's Dance
  7270 | D:5      | Learned a level 3 spell: Dazzling Flash
  7309 | D:5      | Reached skill level 5 in Stealth
  7476 | D:5      | Noticed Sigmund
  7487 | D:5      | Killed Sigmund
  7640 | D:5      | Found a sparkling altar of Nemelex Xobeh.
  8316 | D:6      | Reached skill level 6 in Short Blades
  8393 | D:6      | Reached skill level 6 in Stealth
  8393 | D:6      | Reached skill level 7 in Hexes
  8675 | D:6      | Noticed Pikel
  8688 | D:6      | Gained mutation: Your touch may inflict irresistible damage
                  | on your foes. [demonic ancestry]
  8688 | D:6      | Reached XP level 9. HP: 57/57 MP: 9/12
  8924 | D:6      | Killed Pikel
  9041 | D:6      | Found Dalue's Book Shop.
  9085 | D:6      | Reached skill level 7 in Short Blades
  9140 | D:6      | Found Ciubui's Book Boutique.
  9412 | D:6      | Identified quicksilver dragon scales
  9464 | D:7      | Found Farotow's Weapon Boutique.
  9478 | D:7      | Found a radiant altar of Vehumet.
  9485 | D:7      | Reached skill level 7 in Stealth
  9537 | D:7      | Identified the +0 pair of boots "Reigre" {rCorr Int+2
                  | Dex+2}
  9724 | D:7      | Reached skill level 8 in Hexes
  9795 | D:7      | Found a stormy altar of Qazlal.
 10332 | D:7      | Found a snail-covered altar of Cheibriados.
 10490 | D:7      | Reached *** piety under Uskayaw
 10492 | D:7      | Reached skill level 8 in Short Blades
 10492 | D:7      | Reached skill level 8 in Stealth
 10493 | D:7      | Reached **** piety under Uskayaw
 10494 | D:7      | Reached skill level 2 in Dodging
 10550 | D:7      | Reached skill level 1 in Fighting
 10897 | D:8      | Noticed Psyche
 11300 | D:7      | Reached skill level 2 in Fighting
 11545 | D:7      | Cast into level 1 of the Abyss (Psyche)
 11595 | D:7      | Escaped the Abyss
 12032 | D:6      | Cast into level 2 of the Abyss (Psyche)
 12033 | Abyss:2  | Found a corrupted altar of Lugonu.
 12077 | Abyss:2  | Noticed a large abomination
 12078 | Abyss:2  | Noticed a bone dragon
 12088 | Abyss:2  | Noticed a red devil
 12092 | Abyss:2  | Noticed a bone dragon
 12108 | Abyss:2  | Noticed a hell hog
 12118 | Abyss:2  | Noticed a spatial maelstrom
 12122 | Abyss:2  | Mangled by a bone dragon

Vanquished Creatures
  Pikel (D:6)
  Sigmund (D:5)
  A water moccasin (D:5)
  A black bear (D:2)
  4 ogres
  An ice beast (D:7)
  A sky beast (D:6)
  A necrophage (D:7)
  3 centaurs
  3 lemures (D:6)
  A phantom (D:7)
  A kobold brigand (D:8)
  3 bullfrogs
  5 scorpions
  2 water moccasin skeletons (D:5)
  6 wights (D:7)
  3 howler monkeys
  A bullfrog zombie (D:7)
  2 centaur zombies
  2 jellies (D:7)
  5 orc priests
  2 centaur skeletons
  3 hounds
  2 bullfrog skeletons (D:4)
  7 iguanas
  7 orc wizards
  8 adders
  A howler monkey skeleton (D:6)
  2 white imps
  An ufetubus (D:6)
  An adder skeleton (D:4)
  A worm (D:7)
  2 dart slugs
  28 orcs
  6 ball pythons
  3 endoplasms
  3 giant cockroaches
  6 goblins
  3 hobgoblins
  4 jackals
  7 quokkas
  4 bats
  12 frilled lizards
  10 kobolds
  5 rats
176 creatures vanquished.

Vanquished Creatures (others)
  8 plants (D:6)
8 creatures vanquished.

Grand Total: 184 creatures vanquished
